 Dungeon Crawl Stone Soup version 0.27-a0-1312-g5cdb2b3542 (webtiles) character file.

Game seed: 3433771949720154620

9 Conn the Firebug (level 2, -1/17 HPs)
             Began as an Octopode Fire Elementalist on June 19, 2021.
             Slain by a quokka (3 damage)
             ... on level 2 of the Dungeon.
             The game lasted 00:01:00 (907 turns).

Conn the Firebug (Octopode Fire Elementalist)        Turns: 907, Time: 00:01:00

Health: -1/17      AC:  1    Str:  7    XL:     2   Next: 12%
Magic:  2/5        EV: 13    Int: 17    God:
Gold:   46         SH:  0    Dex: 12    Spells: 4/5 levels left

rFire    . . .     SeeInvis .   (no weapon)
rCold    . . .     Faith    .   (no shield)
rNeg     . . .     Spirit   .   (helmet restricted)
rPois    .         Reflect  .   (no amulet)
rElec    .         Harm     .   (no ring)
rCorr    .         Rampage  .   (no ring)
Will     .....                  (no ring)
Stlth    +++.......             (no ring)
HPRegen  0.05/turn              (no ring)
MPRegen  0.09/turn              (no ring)
                                (no ring)
                                (no ring)

@: no status effects
A: almost no armour, amphibious, 8 rings, camouflage 1, gelatinous body 1,
(nimble swimmer 1), tentacles
a: no special abilities


You were on level 2 of the Dungeon.
You visited 1 branch of the dungeon, and saw 2 of its levels.

You collected 46 gold pieces.

Inventory:

Scrolls
 b - a scroll of noise {unknown}
 c - a scroll of enchant armour {unknown}
 d - 3 scrolls of identify {unknown}
Potions
 a - a potion of flight {unknown}
 e - a potion of berserk rage {unknown}


   Skills:
 + Level 2.0 Dodging
 + Level 2.8 Stealth
 + Level 2.1 Spellcasting
 + Level 1.0 Conjurations
 + Level 3.3 Fire Magic


You had 4 spell levels left.
You knew the following spells:

 Your Spells              Type           Power      Damage    Failure   Level
a - Foxfire               Conj/Fire      36%        2x1d5     8%          1

Your spell library contained the following spells:

 Spells                   Type           Power      Damage    Failure   Level
 Conjure Flame            Conj/Fire      9%         6-21      22%         3
 Inner Flame              Hex/Fire       7%         N/A       28%         3
 Sticky Flame             Conj/Fire      9%         2d3       58%         4
 Fireball                 Conj/Fire      4%         3d4       91%         5


Dungeon Overview and Level Annotations

Branches:
Dungeon (2/15)

Altars:


Innate Abilities, Weirdness & Mutations

You cannot wear most types of armour.
You are amphibious.
You can wear up to eight rings at the same time.
Your skin changes colour to match your surroundings (Stealth+).
Your rubbery body absorbs attacks. (AC +1, EV +1)
((You are camouflaged near water. (Stealth+)))
You have tentacles for arms and can constrict up to eight enemies at once.


Message History

There is an open door here.
As you open the door, it creaks loudly!
Found a robe.
There is an open door here.
You open the door.
There is an open door here.
A quokka and a worm come into view.
Casting: Foxfire (safe; 8% risk of failure)
Confirm with . or Enter, or press ? or * to list all spells.
You conjure some foxfire!
The foxfire hits the quokka but does no damage.
The foxfire hits the quokka.
The quokka is heavily wounded.
The quokka misses you.
Casting: Foxfire (safe; 8% risk of failure)
Confirm with . or Enter, or press ? or * to list all spells.
You conjure some foxfire!
The quokka bites you.
The foxfire hits the quokka.
The quokka is almost dead.
The foxfire hits the quokka but does no damage.
The quokka is almost dead.
The quokka closely misses you.
Casting: Foxfire (safe; 8% risk of failure)
Confirm with . or Enter, or press ? or * to list all spells.
You conjure some foxfire!
The quokka bites you.
The foxfire hits the worm.
The worm is moderately wounded.
The quokka bites you.
The foxfire hits the worm.
The worm is heavily wounded.
The quokka bites you.
There is an open door here.
You tentacle-slap the quokka but do no damage.
Your grab misses the quokka.
The quokka is almost dead.
The quokka bites you.
* * * LOW HITPOINT WARNING * * *
Casting: Foxfire (safe; 8% risk of failure)
Confirm with . or Enter, or press ? or * to list all spells.
You conjure some foxfire!
The quokka bites you.
You die...

##.##.####### #.....#
#.##.#.# #..####
#.#....# #...# #.#....#
#...# ########.#....#
....# ........#....#
##+## #.##....#....#
#.# #.#...v.+....#
##.#######.....v@##...#
......)..........rw...#
##.##########....###..#
............'....'[#..#
##.##########....#.#..#
[#.# #....#.#### .#.#
#....#.# .#.# #....#.#
.#.# #....#.#


You could see a worm and a quokka (ally target).

Vanquished Creatures
  A ball python (D:1)
  2 bats (D:1)
  2 goblins
  A quokka (D:1)
  A frilled lizard (D:1)
7 creatures vanquished.

Vanquished Creatures (others)
  23 foxfires
23 creatures vanquished.

Grand Total: 30 creatures vanquished

Notes
Turn   | Place    | Note
-------+----------+-------------------------------------------
     0 | D:1      | Conn the Octopode Fire Elementalist began the quest for the
                  | Orb.
     0 | D:1      | Reached XP level 1. HP: 11/11 MP: 3/3
   285 | D:1      | Found a faded altar of an unknown god.
   558 | D:1      | Reached XP level 2. HP: 17/17 MP: 1/5
   907 | D:2      | Slain by a quokka

Illustrated notes

Levels and vault maps discovered:
D:1:      minmay_arrival_glassed_features, layout_loops_ring,
          basic_ecumenical_altar
D:2:      layout_basic, serial_shops, nicolae_square_shop

Action                   || total
-------------------------++-------
Melee: Unarmed           ||     1
 Cast: Foxfire           ||    18
Armor: Skin              ||     1
Dodge: Dodged            ||     5

Table legend: (Time is in decaauts)
 A = Elapsed time spent in this place.
 B = Non-inter-level travel time spent in this place.
 C = Inter-level travel time spent in this place.
 D = Time resting spent in this place.
 E = Time spent auto-exploring this place.
 F = Levels seen in this place.
 G = Mean time per level.
                   A        B        C        D        E       F      G
               +--------+--------+--------+--------+--------+-----+--------+
         Total |    906 |    906 |      0 |      0 |    728 |   2 |  453.0 |
       Dungeon |    906 |    906 |      0 |      0 |    728 |   2 |  453.0 |
               +--------+--------+--------+--------+--------+-----+--------+

Top non-repeatable levels by time:
     D:1: 809 daAuts
     D:2: 97 daAuts
